 Dungeon Crawl Stone Soup version 0.23-a0-143-g1adec7b (webtiles) character file.

7 Amnesiac the Vexing (level 1, 0/15 HPs)
             Began as a Mummy Arcane Marksman on Sept 2, 2018.
             Slain by a hobgoblin (4 damage)
             ... on level 1 of the Dungeon.
             The game lasted 00:00:18 (205 turns).

Amnesiac the Vexing (Mummy Arcane Marksman)          Turns: 205, Time: 00:00:19

Health: 0/15       AC:  2    Str: 13    XL:     1   Next: 83%
Magic:  2/2        EV: 12    Int: 12    God:
Gold:   7          SH:  0    Dex: 12    Spells: 1/2 levels left

rFire    x . .     SeeInvis .   b - +0 mace
rCold    + . .     Gourm    .   (no shield)
rNeg     + + +     Faith    .   e - +0 robe
rPois    ∞         Spirit   .   (no helmet)
rElec    .         Reflect  .   (no cloak)
rCorr    .         Harm     .   (no gloves)
MR       .....                  (no boots)
Stlth    +.........             (no amulet)
HPRegen  0.05/turn              (no ring)
MPRegen  0.08/turn              (no ring)

@: no status effects
A: no food or potions, fire vulnerability, cold resistance 1, negative energy
resistance 3, torment resistance, unbreathing
a: no special abilities


You were on level 1 of the Dungeon.
You were not hungry.

You visited 1 branch of the dungeon, and saw 1 of its levels.

You collected 7 gold pieces.

Inventory:

Hand Weapons
 a - a +0 hand crossbow
 b - a +0 mace (weapon)
Missiles
 d - 28 bolts
Armour
 e - a +0 robe (worn)
 g - a +0 pair of gloves
Jewellery
 f - an uncursed ring of protection from cold {unknown}
Scrolls
 c - a scroll of fear {!r, unknown}


   Skills:
 + Level 1.3 Fighting
 * Level 2.0 Crossbows
 - Level 1.5 Dodging
 - Level 1.3 Spellcasting
 - Level 2.6 Hexes


You had one spell level left.
You knew the following spells:

 Your Spells              Type           Power        Failure   Level  Hunger
a - Corona                Hex            #......      10%         1    N/A

Your spell library contained the following spells:

 Spells                   Type           Power        Failure   Level  Hunger
 Slow                     Hex            #.......     14%         2    N/A
 Inner Flame              Hex/Fire       #.......     45%         3    N/A
 Portal Projectile        Hex/Tloc       #.....       45%         3    N/A
 Cause Fear               Hex            #.........   67%         4    N/A
 Leda's Liquefaction      Hex/Erth       #.........   86%         4    N/A

Dungeon Overview and Level Annotations

Branches:
Dungeon (1/15)

Altars:


Innate Abilities, Weirdness & Mutations

You do not eat or drink.
Your flesh is vulnerable to fire.
You are immune to poison.
Your flesh is cold resistant. (rC+)
You are immune to negative energy. (rN+++)
You are immune to unholy pain and torment.
You can survive without breathing.


Message History

You kill the rat!
No target in view!
g - a pair of gloves No target in view!
d - 28 bolts (gained 8)
Found a red potion.
No target in view!
You open the door.
A jackal and 2 hobgoblins come into view.
The hobgoblin shouts!
The jackal barks!
The hobgoblin shouts!
You hear a bark!
A jackal comes into view. x2
The jackal moves out of view.
There is an open door here.
There are monsters nearby!
You hit the jackal.
You kill the jackal!
The jackal bites you. The hobgoblin completely misses you.
There are monsters nearby!
You closely miss the jackal.
The jackal bites you but does no damage.
The jackal closely misses you. The hobgoblin closely misses you.
The jackal bites you but does no damage.
The hobgoblin barely misses you. The jackal barely misses you.
There are monsters nearby!
You miss the jackal. The jackal bites you. The jackal misses you.
The jackal bites you. The hobgoblin hits you. The jackal closely misses you.
The jackal barely misses you.
You hit the jackal.
The jackal is almost dead.
The jackal closely misses you.
The jackal bites you but does no damage.
You barely miss the jackal.
The jackal is almost dead.
The jackal bites you. The jackal barely misses you.
You hit the jackal.
You kill the jackal!
You closely miss the jackal. The jackal completely misses you.
The jackal closely misses you.
You hit the jackal but do no damage. The jackal closely misses you.
The jackal barely misses you.
You barely miss the jackal. The jackal barely misses you.
The jackal bites you but does no damage.
You hit the jackal.
The jackal is heavily wounded.
The jackal closely misses you. The jackal bites you.
You hit the jackal.
The jackal is severely wounded.
The jackal closely misses you. The jackal bites you.
* * * LOW HITPOINT WARNING * * *
You closely miss the jackal.
The jackal is heavily wounded.
The jackal misses you. The jackal barely misses you.
You hit the jackal.
You kill the jackal!
Your Crossbows skill increases to level 2!
You hit the hobgoblin but do no damage. The hobgoblin barely misses you.
The hobgoblin misses you.
You barely miss the hobgoblin. The hobgoblin hits you.
* * * LOW HITPOINT WARNING * * *
You closely miss the hobgoblin. The hobgoblin hits you.
* * * LOW HITPOINT WARNING * * *
You barely miss the hobgoblin. The hobgoblin closely misses you.
The hobgoblin hits you.
You die...

##### ### #####... ...#
#...####.## #...#... ...#
#.......#.# #.###...♣...#
#...####.## #.# #.......#
##.#####.####.###.......# ##.#
#..........##.gg..# ...#
#.#.####.### #'####### ####
#.#.# ##..#####........ #.#.#
#.!..@gg...###### #.#.#
#.#.#####..# ####### #.#.#
#.#.# #..# #.....###
#.#.###.#.# #..# #..8[.##.
#....##.#.## #..# #.....##.
##..........# #..####'#####.
##...........# #..##......##.
#............####..#........'.
#..................#.......###


You could see 2 hobgoblins.

Vanquished Creatures
  A hobgoblin (D:1)
  3 jackals (D:1)
  A bat (D:1)
  A rat (D:1)
6 creatures vanquished.

Notes
Turn   | Place    | Note
-------+----------+-------------------------------------------
     0 | D:1      | Amnesiac the Mummy Arcane Marksman began the quest for the
                  | Orb.
     0 | D:1      | Reached XP level 1. HP: 15/15 MP: 2/2
   205 | D:1      | Slain by a hobgoblin

Vault maps used:
D:1:      dpeg_arrival_rooms_b, kennysheep_flooded_box

Skill      XL: |  1 |
---------------+----+-----
Crossbows      | 2 |  2.0
Fighting       | |  1.3
Dodging        | |  1.5
Spellcasting   | |  1.3
Hexes          | |  2.6

Action                   || total
-------------------------++-------
Melee: Mace              ||    25
 Fire: Hand crossbow     ||     1
Armor: Robe              ||     7
Dodge: Dodged            ||    29

Table legend:
 A = Non-vault XP
 B = Vault XP
 C = Vault XP percentage of total XP
 D = Non-vault monster count
 E = Vault monster count
 F = Vault count percentage of total count
                 A         B        C        D         E       F
            +---------+---------+-------+---------+---------+-------
      Total |      10 |       0 |   0.0 |       6 |       0 |   0.0
            +---------+---------+-------+---------+---------+-------
        D:1 |      10 |       0 |   0.0 |       6 |       0 |   0.0
            +---------+---------+-------+---------+---------+-------
